Winsalmostnever, neutral male human Tourist ---- --..| .... --... ....-- -....| --..`.--- --- |.......--- --..----.......-- |....| |........-- --...---...)[....| |........((..)..-- -- |............| |.......---.-- ---[...(..| -- |d@.......- ...G--.......| |.....|---...|.| --..--- --.---- --- --- Winsalmostnever the Sightseer Experience level: 3 Strength: 12 Dexterity: 9 Constitution: 16 Intelligence: 13 Wisdom: 8 Charisma: 17 Health: 0(34) Energy: 7(7) Def: 2 Gold: 558 Moves: 749 Dungeon seed: Vb-RuPjKFwvbMGwN Game ID: Winsalmostnever_1709376197 Your Inventory: Coins $ - 558 gold pieces Weapons a - 36 uncursed +2 darts (in quiver) q - an uncursed +0 mace (weapon in hand) D - 7 uncursed +0 darts Armor e - an uncursed +0 Hawaiian shirt (being worn) r - a blessed +0 dwarvish cloak (being worn) N - an uncursed +0 pair of iron shoes of fumbling and warning (being worn) Comestibles c - 3 uncursed tripe rations d - 8 uncursed food rations f - an uncursed candy bar g - an uncursed egg B - an uncursed pancake Scrolls j - 4 uncursed scrolls of magic mapping t - an uncursed scroll of remove curse Potions h - an uncursed potion of extra healing i - a blessed potion of extra healing z - an uncursed potion of confusion C - an uncursed potion of water E - an uncursed potion of object detection Wands x - an uncursed wand of cancellation (0:7) Tools k - an uncursed credit card l - an uncursed expensive camera (0:37) m - an uncursed leash n - an uncursed magic marker (0:0) o - an uncursed tin opener p - an uncursed towel Spells and supernatural/magical abilities: Name Level Category Cost Memory k - knock 1 matter 12pw 100% u - confuse monster 2 enchantment 25pw 100% G - detect treasure 4 divination 4000pw 99% W - pray for help -- divine ? -- Your skills at the end: Fighting Skills wands [Basic] Weapon Skills dart [Basic] Spellcasting Skills Final Attributes: You were piously aligned. You fumbled. You were warned. The Lady was noncommittal. You are dead. Vanquished creatures: 3 dwarves 5 gnomes 3 jackals a kobold a goblin 4 grid bugs a lichen 4 newts 22 creatures vanquished. Voluntary challenges: You were an atheist. You used a wielded weapon 12 times, starting on turn 482. You read items or engraved 22 times, starting on turn 22. You never genocided any monsters. You never polymorphed an object. You never changed form. You used no wishes. You never split a pudding. You never wrote Elbereth's name. You never violated your personal moral code. Dungeon overview: The Dungeons of Doom: levels 1 to 2 Level 1 a fountain a long staircase Level 2 a vault stairs to The Gnomish Mines The Gnomish Mines: Level 3 <- You were here stairs to The Dungeons of Doom History has recorded: On T:1 you entered the Dungeons of Doom to retrieve the Amulet of Yendor! On T:326 you reached level 2 of The Dungeons of Doom. On T:683 you reached level 1 of The Gnomish Mines. On T:688 you advanced to experience level 2. On T:706 you advanced to experience level 3. Score breakdown: Gold: 165 ( 7552 points) Experience: 3 levels ( 7878 points) Exploration: 3 levels ( 5.88%) ( 6000 points) Discoveries: 6 items ( 1.98%) ( 4221 points) Valuables value: (no points given unless you survive) Artifact value: 0 ( 0 points) Variety of kills: 8 monsters ( 2.11%) ( 4352 points) Turncount: 749 turns ( 0 points) Survival: died (score multiplied by 80%) Total score: 24002 Latest messages: The gnome lady hits! You miss the gnome lady. Doggerino bites the gnome lady. The gnome lady swings her bow at Doggerino. The gnome lady hits Doggerino. The gnome lady swings her bow at you. The gnome lady hits! The gnome lady swings her bow at Doggerino. The gnome lady misses Doggerino. You hit the gnome lady. Doggerino misses the gnome lady. The gnome lady swings her bow at you. The gnome lady hits! Doggerino misses the gnome lady. You miss the gnome lady. Doggerino misses the gnome lady. The gnome lady swings her bow at you. The gnome lady hits! You displace Doggerino. Doggerino bites the gnome lady. The gnome lady swings her bow at Doggerino. The gnome lady misses Doggerino. The gnome lady swings her bow at you. The gnome lady hits! You die... Final status: Aloha Winsalmostnever the Tourist, killed by a gnome lady... You died in The Gnomish Mines on dungeon level 3 with 24002 points, and 558 pieces of gold, after 749 moves. You were level 3 with a maximum of 34 hit points when you died.